 Dungeon Crawl Stone Soup version 0.30-a0-222-ge547ba4400 (webtiles) character file.

Game seed: 17291407175074559771

88 Aibolit the Chopper (level 4, 0/40 HPs)
             Began as a Hill Orc Fighter on Oct 8, 2022.
             Slain by an orc
             ... wielding a +4 dagger
              (2 damage)
             ... on level 3 of the Dungeon.
             The game lasted 00:04:33 (1717 turns).

Aibolit the Chopper (Hill Orc Fighter)              Turns: 1717, Time: 00:04:34

Health: 0/40       AC:  8    Str: 20    XL:     4   Next: 54%
Magic:  4/4        EV:  9    Int:  8    God:
Gold:   127        SH:  4    Dex: 10    Spells: 3/3 levels left

rFire   . . .      SeeInvis .    a - +0 war axe
rCold   . . .      Faith    .    c - +0 buckler
rNeg    . . .      Spirit   .    p - +0 scale mail {rPois}
rPois   +          Reflect  .    (no helmet)
rElec   .          Harm     .    (no cloak)
rCorr   .          Rampage  .    (no gloves)
Will    .....                    g - +0 pair of boots
Stlth   ..........               (no amulet)
HPRegen 0.26/turn                v - ring of wizardry
MPRegen 0.09/turn                (no ring)

@: mighty
A: no striking features
a: Convert to Beogh


You were on level 3 of the Dungeon.
You visited 1 branch of the dungeon, and saw 3 of its levels.

You collected 127 gold pieces.

Inventory:

Hand Weapons
 a - a +0 war axe (weapon)
Armour
 c - a +0 buckler (worn)
 g - a +0 pair of boots (worn)
 p - a +0 scale mail of poison resistance (worn)
Jewellery
 v - a ring of wizardry (left hand)
Wands
 w - a wand of quicksilver (13)
Scrolls
 b - 2 scrolls of vulnerability {unknown}
 f - a scroll of poison
 k - a scroll of butterflies {unknown}
 l - a scroll of magic mapping {unknown}
 m - a scroll of enchant armour {unknown}
 o - 2 scrolls of blinking
 r - a scroll of enchant weapon
 t - a scroll of fear {unknown}
Potions
 e - a potion of haste {unknown}
 h - a potion of attraction {unknown}
 i - a potion of flight {unknown}
 j - a potion of lignification {unknown}
 n - a potion of curing {unknown}
 q - a potion of ambrosia {unknown}
 s - a potion of heal wounds {unknown}
 u - a potion of degeneration {unknown}


   Skills:
 + Level 4.3 Fighting
 + Level 4.6 Axes
 + Level 3.6 Armour
 + Level 0.6 Dodging
 + Level 3.6 Shields


You had 3 spell levels left.
You didn't know any spells.
Your spell library contained the following spells:

 Spells                   Type           Power      Damage    Failure   Level
 Dazzling Flash           Conj/Hex       0%         N/A       86%         3
 Agony                    Necr           0%         N/A       100%        5
 Silence                  Hex/Air        0%         N/A       100%        5


Dungeon Overview and Level Annotations

Branches:
Dungeon (3/15)

Altars:
Nemelex Xobeh


Message History

An orc comes into view. It is wielding a +0 hand axe.
The orc shouts!
You hear a shout!
An orc comes into view. It is wielding a +0 dagger.
There is an open door here.
There is an open door here.
An orc priest comes into view.
It is wielding a +0 short sword and wearing a +1 leather armour of fire resistance.
The orc priest threatens, "By the altar or by the axe, you will meet Beogh!" (press Y on the ability menu to convert to Beogh)
The orc hits you with a +4 dagger. The orc attacks as you move away!
The orc hits you with a +4 dagger.
There is an open door here.
You closely miss the orc. You block the orc's attack.
You closely miss the orc. The orc hits you with a +0 hand axe.
You hit the orc.
The orc is severely wounded.
The orc hits you with a +0 hand axe. x2
You slash the orc!
You kill the orc!
You hit the orc.
The orc is lightly wounded.
The orc priest shouts, "Beogh is our master!
Accept the truth or die!"
The orc hits you but does no damage.
The orc priest invokes the aid of Beogh against you.
Beogh smites you!
* * * LOW HITPOINT WARNING * * *
The orc attacks as you move away! The orc barely misses you.
There is an open door here.
You feel very mighty all of a sudden. You block the orc's attack.
The orc priest calls down the wrath of Beogh upon you.
Beogh smites you!
* * * LOW HITPOINT WARNING * * *
You hit the orc.
The orc is severely wounded.
You block the orc's attack.
The orc priest shouts, "Surrender to Beogh and we'll let you live!"
You hit the orc.
You kill the orc!
The orc hits you with a +4 dagger.
You die...

##### #### #...# ####
..... #...# ######...
......###...#####........
......oo@.......#........
.....o###...###...#.#####
..... #...#.....#......
.... #####.#.#####....
... #.....#.# #.... ##
#.###...# #....
#.###.#.## #.... #
#.##.....# #####
#.#.##..####


You could see an orc priest and 2 orcs.

Vanquished Creatures
  2 adders
  2 worms (D:2)
  4 dart slugs
  2 orcs (D:3)
  5 endoplasms
  5 giant cockroaches
  6 goblins
  5 hobgoblins
  3 jackals (D:2)
  6 ball pythons
  3 bats
  6 frilled lizards
  3 kobolds
  4 rats
56 creatures vanquished.

Notes
Turn   | Place    | Note
-------+----------+-------------------------------------------
     0 | D:1      | Aibolit the Hill Orc Fighter began the quest for the Orb.
     0 | D:1      | Reached XP level 1. HP: 19/19 MP: 1/1
   218 | D:1      | Reached XP level 2. HP: 19/27 MP: 2/2
   879 | D:2      | Reached XP level 3. HP: 32/33 MP: 3/3
  1045 | D:2      | Found a sparkling altar of Nemelex Xobeh.
  1127 | D:2      | Found a faded altar of an unknown god.
  1145 | D:2      | Reached XP level 4. HP: 40/40 MP: 4/4
  1715 | D:3      | HP: 1/40 [orc priest/divine providence (8)]
  1717 | D:3      | Slain by an orc

Illustrated notes

Levels and vault maps discovered:
D:1:      minmay_arrival_three_doors, layout_loops_ring, nrook_uturn
D:2:      minmay_spotlight, layout_rooms, basic_altar,
          hellmonk_ecumenical_altar_heavens_door, minmay_tetromino_t2
D:3:      layout_basic

Skill      XL: |  1  2  3 |
---------------+----------+-----
Fighting       | 4 |  4.3
Axes           | 3 4 |  4.6
Armour         | |  3.6
Dodging        | |  0.6
Shields        | |  3.6

Action                   |  1- 3 |  4- 6 || total
-------------------------+-------+-------++-------
Melee: War axe           |    97 |    42 ||   139
  Use: Scroll            |     1 |     2 ||     3
       Potion            |       |     1 ||     1
Armor: Scale mail        |    47 |    12 ||    59
Dodge: Dodged            |    41 |    12 ||    53
Block: Buckler           |    16 |    10 ||    26

Table legend: (Time is in decaauts)
 A = Elapsed time spent in this place.
 B = Non-inter-level travel time spent in this place.
 C = Inter-level travel time spent in this place.
 D = Time resting spent in this place.
 E = Time spent auto-exploring this place.
 F = Levels seen in this place.
 G = Mean time per level.
                   A        B        C        D        E       F      G
               +--------+--------+--------+--------+--------+-----+--------+
         Total |   1765 |   1700 |     65 |    100 |   1219 |   3 |  588.3 |
       Dungeon |   1765 |   1700 |     65 |    100 |   1219 |   3 |  588.3 |
               +--------+--------+--------+--------+--------+-----+--------+

Top non-repeatable levels by time:
     D:1: 896 daAuts
     D:2: 554 daAuts
     D:3: 314 daAuts
